Map: Cactus Valley LE (Void)

Players

IbHalbherz - Winner!

  • Race: Protoss Protoss

AgCl

  • Race: Protoss Protoss

VOD

Have the link to the VOD?

Description

Time

  • Played on: May 1, 2015, 6:08 p.m.
  • Length: 4:22
Show
View Real Time Build Order
Export as new Build Order

IbHalbherz Protoss - Winner!

Build Orders:  

Get SALT Encoding   

  12  0:01  Probe  
  13  0:15  Pylon  
  13  0:18  Probe  
  14  0:33  Gateway  
  14  0:35  Probe  
  15  0:46  Assimilator  
  15  0:47  Probe (Chrono Boost)  
  16  0:59  Probe (Chrono Boost), Pylon  
  17  1:07  Probe (Chrono Boost)  
  18  1:20  Cybernetics Core  
  18  1:25  Gateway  
  18  1:29  Probe  
  19  1:41  Probe  
  19  1:46  Gateway  
  20  1:53  Probe  
  21  1:57  Adept (Chrono Boost)  
  23  2:01  Warp Gate (Chrono Boost)  
  23  2:11  Pylon  
  25  2:16  Adept (Chrono Boost)  
  27  2:25  Adept (Chrono Boost)  
  27  2:32  Probe  
  27  2:36  Adept (Chrono Boost)  
  32  2:44  Adept  
  32  2:47  Adept  
  34  2:58  Gateway  
  34  3:20  Pylon  
  34  3:49  Pylon  
  34  3:54  Stalker x4  
Show
View Real Time Build Order
Export as new Build Order

AgCl Protoss 

Build Orders: Nexus First 

Get SALT Encoding   

  12  0:03  Probe  
  13  0:16  Probe  
  14  0:33  Pylon  
  14  0:51  Probe  
  15  1:02  Nexus  
  15  1:03  Probe  
  16  1:14  Gateway  
  16  1:15  Probe  
  17  1:27  Probe  
  18  1:39  Probe  
  19  1:41  Pylon  
  19  1:50  Pylon  
  19  1:51  Probe (Chrono Boost)  
  19  1:52  Assimilator  
  20  1:56  Assimilator  
  20  2:03  Probe (Chrono Boost)  
  21  2:12  Forge  
  21  2:16  Cybernetics Core  
  21  2:17  Probe (Chrono Boost)  
  21  2:20  Probe (Chrono Boost)  
  23  2:28  Probe (Chrono Boost)  
  23  2:29  Probe (Chrono Boost)  
  25  2:36  Probe x2 (Chrono Boost)  
  27  2:40  Pylon  
  26  2:46  Probe (Chrono Boost)  
  26  2:48  Probe (Chrono Boost)  
  26  2:49  Photon Cannon  
  29  2:58  Probe (Chrono Boost)  
  29  3:03  Probe (Chrono Boost)  
  32  3:06  Mothership Core (Chrono Boost)  
  32  3:10  Stalker (Chrono Boost), Probe  
  35  3:22  Probe  
  35  3:25  Probe  
  35  3:27  Photon Cannon  
  37  3:35  Probe  
  37  3:36  Twilight Council  
  38  3:43  Photon Cannon  
  38  3:44  Pylon  
  38  3:45  Probe (Chrono Boost)  
  40  3:53  Probe (Chrono Boost)  
  40  3:54  Assimilator  
  41  3:56  Probe (Chrono Boost)  
  41  4:00  Probe (Chrono Boost)  
  41  4:02  Probe  
  38  4:18  Dark Shrine  
Tags
 
Add a new tag
Caveats
  • Supply blocks, unpowered buildings, or Contaminate may cause inaccurate times.
  • Supply counts are checked every 10 seconds.